 Dungeon Crawl Stone Soup version 0.20-a0-550-gf70bbbc (webtiles) character file.

74 shpingle the Poker (level 4, -3/36 HPs)
             Began as a Centaur Gladiator on Feb 3, 2017.
             Slain by Sigmund
             ... wielding a +0 scythe of venom
              (5 damage)
             ... on level 2 of the Dungeon.
             The game lasted 00:04:16 (1246 turns).

shpingle the Poker (Centaur Gladiator)              Turns: 1246, Time: 00:04:16

Health: -3/36      AC:  5    Str: 17    XL:     4   Next: 9%
Magic:  4/4        EV: 10    Int:  7    God:
Gold:   122        SH:  0    Dex: 11    Spells: 3/3 levels left

rFire    x . .     SeeInvis .   a - +0 trident
rCold    + . .     Gourm    .   b - +0 leather armour
rNeg     . . .     Faith    .   (no shield)
rPois    .         Spirit   .   c - +0 helmet
rElec    .         Reflect  .   (no cloak)
rCorr    .         Harm     .   (no gloves)
MR       .....                  (no barding)
Stlth    +.........             (no amulet)
Regen    0.2/turn               (no ring)
                                j - ring of ice

@: lethally poisoned (-3 -> -15), very quick
A: hooves 3, deformed body, speed 2, tough skin 3
a: no special abilities


You were on level 2 of the Dungeon.
You were not hungry.

You visited 1 branch of the dungeon, and saw 2 of its levels.

You collected 122 gold pieces.


Innate Abilities, Weirdness & Mutations

You have hooves in place of feet.
Armour fits poorly on your strangely shaped body.
You cover ground very quickly.
You have extremely tough skin. (AC +3)


   Skills:
 - Level 2.0 Fighting
 * Level 3.5 Polearms
 - Level 2.5 Throwing
 + Level 1.1 Armour
 + Level 2.6 Dodging


You had 3 spell levels left.
You didn't know any spells.

Dungeon Overview and Level Annotations

Branches:
Dungeon (2/15)

Altars:

Annotations:
D:2 Sigmund

Inventory:

Hand Weapons
 a - a +0 trident (weapon)
Missiles
 d - 3 throwing nets {!f}
 m - 55 stones (quivered)
Armour
 b - a +0 leather armour (worn)
 c - a +0 helmet (worn)
Jewellery
 j - a ring of ice (left hand)
   (You found it on level 1 of the Dungeon)
Scrolls
 e - a scroll of blinking {unknown}
 h - a scroll of recharging {unknown}
 i - a scroll of fog {unknown}
 l - 2 scrolls of identify {unknown}
 o - a scroll of teleportation {unknown}
Comestibles
 f - a bread ration {@e1}
 g - 2 chunks of flesh
 k - a meat ration {@e2}
 n - 4 fruits

##############.# #.#
#### #.# ### ...## #.#
.#..# #.# '##.# . #.#
..#.# #. #.# ..#.###..
#.# ..#..##.# #.#
..##.##.# #@# ..##..#.#
#.# ..###.#.# ##'#######
..#.....# #........#
'##....(# #........#
..#.#...####.##........#
.............##........#
...####..######........#
.........# #........#


There were no monsters in sight!


Message History

You reach to attack!
You puncture the frilled lizard!
You kill the frilled lizard!
Something hits you.
Attack whom?
You reach to attack!
You miss something.
You hear some strange, mumbled words.
You are confused.
You're too confused!
Something hits you!
You are poisoned.
You feel sick.
You aren't carrying any potions.
Unknown command.
You bump into the rock wall.
You feel sick. Something hits you but does no damage.
You are more poisoned.
You're too confused!
You feel sick.
You aren't carrying any potions.
Unknown command.
You feel sick.
You hear some strange, mumbled words.
You are more confused.
You're too confused!
You aren't carrying any potions.
Unknown command.
You feel sick.
Unknown command.
You feel sick.
Unknown command.
Unknown command.
You feel sick.
You feel sick.
There is an open door here.
Unknown command.
You feel sick.
You bump into the rock wall.
You feel sick.
Unknown command.
You bump into the rock wall.
You feel sick. Something hits you!
* * * LOW HITPOINT WARNING * * *
You are more poisoned.
You're too confused!
* * * LOW HITPOINT WARNING * * *
You feel sick.
You feel less confused.
* * * LOW HITPOINT WARNING * * *
You feel sick. Something hits you.
You die...

Vault maps used:
D:1:      minmay_arrival_open_corners
D:2:      uniq_terence, uniq_sigmund

Vanquished Creatures
  Terence (D:2)
  An adder (D:2)
  An ooze (D:1)
  3 dart slugs
  2 leopard geckos (D:1)
  6 bats
  A giant cockroach (D:1)
  3 goblins
  3 hobgoblins (D:1)
  2 kobolds
  A ball python (D:1)
  2 frilled lizards
  4 rats (D:1)
30 creatures vanquished.

Table legend:
 A = Turns spent in this place as a percentage of turns spent in the entire game.
 B = Non-inter-level travel turns spent in this place as a percentage of non-inter-level travel turns spent in the entire game.
 C = Inter-level travel turns spent in this place as a percentage of turns spent in this place.
 D = Turns resting spent in this place as a percentage of non-inter-level travel turns spent in this place.
 E = Turns spent auto-exploring this place as a percentage of non-inter-level travel turns spent in this place.
 F = Non-inter-level travel turns spent in this place divided by the number of levels of this place that you've seen.
                   A       B       C       D       E      F
               +-------+-------+-------+-------+-------+----------------------
         Total | 100.0 | 100.0 |   0.7 |   1.4 |  11.0 | 222.0
       Dungeon | 100.0 | 100.0 |   0.7 |   1.4 |  11.0 | 222.0
               +-------+-------+-------+-------+-------+----------------------

Table legend:
 A = Kills in this place as a percentage of kills in entire the game.
 B = Kills by you in this place as a percentage of kills by you in the entire game.
 C = Kills by friends in this place as a percentage of kills by friends in the entire game.
 D = Other kills in this place as a percentage of other kills in the entire game.
 E = Experience gained in this place as a percentage of experience gained in the entire game.
 F = Experience gained in this place divided by the number of levels of this place that you have seen.
                   A       B       C       D       E      F
               +-------+-------+-------+-------+-------+----------------------
         Total | 100.0 | 100.0 |  -nan |  -nan | 100.0 |  53.0
       Dungeon | 100.0 | 100.0 |  -nan |  -nan | 100.0 |  53.0
               +-------+-------+-------+-------+-------+----------------------

Notes
Turn   | Place    | Note
-------+----------+-------------------------------------------
     0 | D:1      | shpingle the Centaur Gladiator began the quest for the Orb.
     0 | D:1      | Reached XP level 1. HP: 17/17 MP: 1/1
   214 | D:1      | Reached XP level 2. HP: 24/24 MP: 2/2
   283 | D:1      | Reached skill level 3 in Polearms
   565 | D:1      | Reached XP level 3. HP: 27/29 MP: 3/3
   994 | D:2      | Noticed Terence
  1044 | D:2      | Killed Terence
  1044 | D:2      | Reached skill level 1 in Armour
  1044 | D:2      | Reached XP level 4. HP: 26/36 MP: 4/4
  1223 | D:2      | Noticed Sigmund
  1244 | D:2      | HP: 3/36 [something (9)]
  1246 | D:2      | Slain by Sigmund

Action                   |  1- 3 |  4- 6 || total
-------------------------+-------+-------++-------
Melee: Trident           |   105 |    13 ||   118
       Kick              |    15 |     2 ||    17
Throw: Stone             |     2 |     2 ||     4
Armor: Leather armour    |    25 |     6 ||    31
Dodge: Dodged            |    38 |    10 ||    48
